 Dungeon Crawl Stone Soup version 0.26-a0-651-gb41185065b (webtiles) character file.

Game seed: 5527208045587277012

546547 tof the Slayer (level 27, -25/236 HPs)
             Began as a Human Berserker on Oct 7, 2020.
             Was the Champion of Trog.
             Killed by the air
             ... invoked by a titan
              (50 damage)
             ... on level 5 of the Vaults on Oct 10, 2020.
             The game lasted 04:37:12 (109013 turns).

tof the Slayer (Human Berserker)                  Turns: 109013, Time: 04:37:12

Health: -25/236    AC: 43    Str: 41    XL:     27
Magic:  23/23      EV: 20    Int:  4    God:    Trog [******]
Gold:   10554      SH: 23    Dex: 21    Spells: 26/26 levels left

rFire    + + +     SeeInvis +   a - +6 flail of Debt {speed, +Rage rPois Str+2 Dex+4}
rCold    + . .     Faith    +   k - +5 kite shield {rC+ rF+}
rNeg     . . .     Spirit   .   T - +12 crystal plate armour
rPois    +         Reflect  .   O - -3 helmet "Aqadilos" {rF+ rCorr SInv}
rElec    +         Harm     .   M - +1 cloak of the Skies Above {+Fly rElec MR+++ Int-4}
rCorr    +         Rampage  .   t - +1 pair of gloves "Bifo" {rPois Str+6 Dex-3}
MR       +++++                  z - +2 pair of boots {Fly}
Stlth    ..........             G - amulet "Ceizykh" {Faith rElec rF+ MR+}
HPRegen  0.49/turn              f - +6 ring of strength
MPRegen  0.18/turn              x - +6 ring of dexterity

@: flying, lightly drained
A: dopey 1
}: 2/15 runes: serpentine, barnacled
a: Berserk, Trog's Hand, Brothers in Arms, Renounce Religion, Evoke Berserk
Rage, Stop Flying


You were on level 5 of the Vaults.
You worshipped Trog.
Trog was exalted by your worship.
You visited 10 branches of the dungeon, and saw 47 of its levels.
You also visited: Trove, Ossuary, Gauntlet, Ice Cave and Desolation.

You collected 11215 gold pieces.
You spent 661 gold pieces at shops.

Inventory:

Hand Weapons
 a - the +6 flail of Debt (weapon) {speed, +Rage rPois Str+2 Dex+4}
   (You bought it in a shop on level 5 of the Dungeon)

   Attacks with this weapon are significantly faster.
   It affects your strength (+2).
   It affects your dexterity (+4).
   It protects you from poison.
   It lets you go berserk.
 b - the +8 mace of Courage {vorpal, rPois rN+ Str-4}
   (Trog gifted it to you on level 4 of the Depths)

   It inflicts extra damage upon your enemies.
   It affects your strength (-4).
   It protects you from poison.
   It protects you from negative energy.
Missiles
 c - 68 poisoned darts (quivered)
 p - 2 atropa-tipped darts
Armour
 k - a +5 kite shield of resistance (worn)
 t - the +1 pair of gloves "Bifo" (worn) {rPois Str+6 Dex-3}
   (You found it in a treasure trove)

   It affects your strength (+6).
   It affects your dexterity (-3).
   It protects you from poison.
 z - a +2 pair of boots of flying (worn)
 M - the +1 cloak of the Skies Above (worn) {+Fly rElec MR+++ Int-4}
   (You found it on level 15 of the Dungeon)

   It affects your intelligence (-4).
   It insulates you from electricity.
   It affects your resistance to hostile enchantments.
   It lets you fly.
 O - the -3 helmet "Aqadilos" (worn) {rF+ rCorr SInv}
   (You found it in a treasure trove)

   It protects you from fire.
   It lets you see invisible.
   It provides partial protection from all sources of acid and corrosion.
 R - the +4 pair of gloves of the Trout {rN+ Int+4}
   (You found it in a treasure trove)

   It affects your intelligence (+4).
   It protects you from negative energy.
 T - a +12 crystal plate armour (worn)
Jewellery
 f - a +6 ring of strength (left hand)
 x - a +6 ring of dexterity (right hand)
 y - a +4 ring of slaying
 E - an uncursed amulet of regeneration
 F - an uncursed amulet of guardian spirit
 G - the amulet "Ceizykh" (around neck) {Faith rElec rF+ MR+}
   (You took it off an orc warlord on level 14 of the Dungeon)

   [amulet of faith]

   It allows you to gain divine favour quickly.
   It protects you from fire.
   It insulates you from electricity.
   It affects your resistance to hostile enchantments.
Wands
 e - a wand of acid (33)
 m - a wand of enslavement (12)
 n - a wand of iceblast (42)
 v - a wand of polymorph (45)
 C - a wand of flame (137)
 D - a wand of paralysis (54)
 K - a wand of digging (17)
 N - a wand of disintegration (27)
 U - a wand of random effects (82)
Scrolls
 i - 2 scrolls of fear
 j - a scroll of brand weapon
 o - 11 scrolls of magic mapping
 q - 18 scrolls of teleportation
 r - 19 scrolls of identify
 A - 4 scrolls of blinking
 I - 4 scrolls of silence
 J - 8 scrolls of enchant weapon
 L - 20 scrolls of remove curse
 P - 3 scrolls of holy word
 V - 4 scrolls of fog
 Y - a scroll of enchant armour
Potions
 g - 21 potions of curing
 h - 2 potions of might
 l - 8 potions of haste
 s - 9 potions of ambrosia
 u - a potion of magic
 B - a potion of resistance
 H - 5 potions of cancellation
 Q - 3 potions of invisibility
Miscellaneous
 w - a phantom mirror
 S - a phantom mirror
 W - a phial of floods
 X - a box of beasts (3/3)
 Z - a tin of tremorstones (3/3)


   Skills:
 + Level 23.5(23.3) Fighting
 - Level 14.0(13.8) Maces & Flails
 + Level 13.9(13.7) Throwing
 - Level 16.0(15.8) Armour
 - Level 17.2(17.0) Dodging
 + Level 18.8(18.6) Shields
 - Level 17.1(16.9) Evocations


You had 26 spell levels left.
You didn't know any spells.
Your spell library was empty.

Dungeon Overview and Level Annotations

Branches:
Dungeon (15/15)            Temple (0/1) D:4            Lair (6/6) D:11
 Shoals (4/4) Lair:4        Snake (4/4) Lair:3        Slime (1/5) Lair:6
    Orc (2/2) D:11            Elf (3/3) Orc:2        Vaults (5/5) D:14
  Crypt (3/3) Vaults:3       Tomb (0/3) Crypt:3      Depths (5/5) D:15
Ossuary (visited)           IceCv (visited)         Desolation (visited)
Gauntlet (visited)
    Zot: Depths:5

Altars:
Ashenzari
Elyvilon
Fedhas
Kikubaaqudgha
Makhleb
Nemelex Xobeh
Sif Muna
Trog
Uskayaw
Vehumet
Wu Jian
Xom
Zin
Beogh

Shops:
D:5 (   Orc:2 :[*?   Elf:2 ?   Elf:3 [!   Shoals:1 [*   Vaults:2 }   Depths:1 !

Portals:
Hell: Depths:1 Depths:2 Depths:3 Depths:4
Abyss: Depths:1 Depths:4
Pandemonium: Orc:2 Depths:2 Depths:3
Ziggurat: Depths:4


Innate Abilities, Weirdness & Mutations

You are dopey. (Int -2)


Message History

You feel yourself speed up.
You block the golden dragon's attack. x2
The golden dragon tramples you but does no damage.
You bludgeon the golden dragon!!
The golden dragon is heavily wounded.
You barely miss the golden dragon.
The golden dragon is heavily wounded.
The titan casts a spell at you.
The bolt of lightning hits the golden dragon!
The golden dragon resists.
The bolt of lightning hits you! You resist.
* * * LOW HITPOINT WARNING * * *
You block the golden dragon's attack. The golden dragon closely misses you.
You block the golden dragon's attack.
You bludgeon the golden dragon!!
The golden dragon is severely wounded.
You barely miss the golden dragon.
The golden dragon is severely wounded.
The titan waves its arms in wide circles.
The air twists around and violently strikes you in flight!!!
You die...

.................(#
...............C..#
.......WW.W.......#
##############....#
... . ............#
#.#.#..#.#.#..C#..#
....... ..H...#..#
.#.#..W..#.#...#D.#
....... ......u#@.#
..#........#.C.#..#
.........D.....#..#
##.###......../#..#
#..$##.....#...#..#
.).$)#...#.....#..#
}$[W(..#...#...#..#
=/[W$#.p.#.....#..#
#??(##.....#...#


You could see a titan and a golden dragon.

Vanquished Creatures
  3 ancient liches (Crypt:3)
  Mennas (Depths:2)
  3 greater mummies (Crypt:1)
  Sojobo (Crypt:1)
  Boris (Vaults:3)
  Bai Suzhen (Crypt:2)
  The ghost of Wifidi Vyikh the Middleweight Champion, a veteran GrGl of Makhleb (Vaults:3)
  Xtahua (Crypt:3)
  2 golden dragons
  Jory (Crypt:3)
  Nikola (Depths:2)
  2 bone dragons
  A shard shrike zombie (Crypt:2)
  7 liches
  Jorgrun (Snake:2)
  3 tentacled monstrosities
  3 deep elf blademasters
  4 titans
  A kraken (Shoals:1)
  Polyphemus (Shoals:4)
  5 sphinxes
  A deep elf master archer (Elf:3)
  3 ancient champions
  Kirke (Snake:3)
  Agnes (D:14)
  4 shadow dragons
  5 storm dragons
  2 revenants
  5 tengu reavers
  A fire giant (Vaults:4)
  8 nagarajas
  Ilsuiw (Shoals:4)
  2 imperial myrmidons (Desolation)
  2 orc warlords
  8 frost giants
  4 deep elf sorcerers
  Louise (Snake:3)
  5 iron dragons
  5 deep elf elementalists
  12 vault wardens
  The ghost of Onympaiv the Peltast, a journeyman BaFi of Okawaru (D:15)
  Aizul (Shoals:4)
  2 curse skulls (Crypt:2)
  15 ironheart preservers
  2 ghouls
  18 stone giants
  3 war gargoyles (Crypt:3)
  12 very ugly things
  A juggernaut skeleton (Vaults:1)
  12 deep elf demonologists
  8 vampire knights
  A minotaur (Gauntlet)
  9 deep elf annihilators
  A spark wasp (Depths:3)
  The ghost of Siteim the Basher, a journeyman MiAK of Lugonu (Lair:3)
  An eidolon (Crypt:1)
  A quicksilver dragon zombie (Crypt:3)
  A fire dragon (shapeshifter) (Vaults:2)
  10 deep elf death magi
  4 merfolk javelineers
  2 mummy priests (Crypt:1)
  14 ettins
  4 great orbs of eyes
  2 deep elf high priests
  4 ragged hierophants (Desolation)
  13 ogre magi
  8 merfolk impalers
  9 fire dragons
  Josephine (D:14)
  15 yaktaur captains
  3 hydras
  15 ice dragons
  Erolcha (D:11)
  3 servants of whispers (Desolation)
  5 rakshasas
  32 vault guards
  3 spriggan air magi
  9 naga warriors
  2 anacondas
  6 merfolk avatars
  3 ghost crabs (Vaults:1)
  3 alligator snapping turtles
  3 catoblepae
  4 merfolk aquamancers
  An anaconda (shapeshifter) (Vaults:2)
  22 dancing weapons
  6 deep troll earth magi
  A satyr (Shoals:4)
  4 death knights
  10 centaur warriors
  4 vampire magi
  36 two-headed ogres
  7 deep troll shamans
  11 orc high priests
  4 tengu warriors
  6 death yaks
  9 shock serpents
  A sun demon (Orc:2)
  21 naga sharpshooters
  A soul eater (Crypt:1)
  The ghost of Mesmaeker13 the Chucker, a novice DDHu (D:8)
  28 slime creatures
  37 deep elf knights
  A fire crab (Vaults:1)
  Nergalle (Lair:4)
  A spriggan berserker (Depths:2)
  A fire crab (shapeshifter) (D:14)
  15 hell knights
  2 shadow wraiths
  39 skeletal warriors
  A wretched star (Gauntlet)
  7 iron trolls
  A sea snake (shapeshifter) (Vaults:4)
  A titan skeleton (Crypt:3)
  A ghost moth zombie (Crypt:3)
  3 salamander mystics
  5 sea snakes
  2 gelid demonspawn (Orc:1)
  4 glowing orange brains
  A torturous demonspawn (Orc:2)
  4 flayed ghosts
  3 anaconda zombies
  5 unseen horrors
  An infernal demonspawn (Orc:1)
  15 deep trolls
  15 deep elf archers
  4 naga ritualists
  2 lindwurms
  6 wizards
  9 necromancers
  An obsidian statue (Vaults:3)
  8 phantasmal warriors
  22 ironbrand convokers
  A tengu skeleton (Vaults:3)
  An anaconda skeleton (Crypt:3)
  26 harpies
  22 orc knights
  3 oklob plants
  10 manticores
  6 mana vipers
  A human zombie (Vaults:3)
  59 deep elf magi
  A wolf spider (Vaults:1)
  7 orc sorcerers
  5 fauns
  20 ugly things
  A sphinx skeleton (Crypt:1)
  15 elephants
  A salamander (shapeshifter) (Elf:1)
  6 cyclopes
  11 salamanders
  A fire giant skeleton (Vaults:3)
  24 naga magi
  2 rust devils (Orc:2)
  3 molten gargoyles
  4 guardian serpents
  14 vault sentinels
  5 ice statues (IceCv)
  3 smoke demons (Crypt:3)
  24 black mambas
  9 merfolk sirens
  2 torpor snails
  5 cane toads
  4 water nymphs
  5 spectral swamp worms (Depths:4)
  An eye of devastation (shapeshifter) (Vaults:4)
  6 gargoyles
  2 orange demons (Orc:2)
  A komodo dragon (shapeshifter) (Vaults:1)
  A rime drake (shapeshifter) (Vaults:1)
  2 rime drakes
  9 komodo dragons
  3 spriggan skeletons
  An emperor scorpion zombie (Crypt:1)
  12 freezing wraiths
  2 anaconda simulacra (IceCv)
  A hellwing (Orc:2)
  72 yaktaurs
  A kobold demonologist (D:14)
  2 tengu conjurers (Depths:1)
  2 golden dragon simulacra (IceCv)
  An alligator snapping turtle skeleton (Crypt:1)
  A queen bee (shapeshifter) (D:13)
  A sea snake skeleton (Crypt:1)
  A red draconian skeleton (Crypt:2)
  2 death yak skeletons (Crypt:2)
  A catoblepas skeleton (Crypt:3)
  3 guardian mummies (Crypt:3)
  A hydra zombie (Crypt:1)
  6 meliai
  32 merfolk
  A queen ant zombie (Crypt:2)
  4 red devils (Crypt:3)
  2 shadow dragon simulacra
  14 trolls
  A white draconian skeleton (Crypt:3)
  2 jumping spiders (Vaults:1)
  A harpy zombie (Crypt:1)
  3 raiju (Vaults:1)
  4 wind drakes
  A wind drake (shapeshifter) (Depths:2)
  2 hornets
  A queen bee (Lair:5)
  3 polar bears
  A hornet (shapeshifter) (Vaults:2)
  13 blink frogs
  A hydra skeleton (Crypt:1)
  9 saltlings
  2 fire dragon zombies
  10 hippogriffs
  8 dream sheep
  An iron dragon simulacrum (Vaults:1)
  A fire giant simulacrum (Vaults:2)
  7 snapping turtles
  4 air elementals
  12 flying skulls (Crypt:1)
  2 vampires (D:14)
  An ettin skeleton (Crypt:3)
  An alligator skeleton (Crypt:3)
  5 shadows
  A spriggan (shapeshifter) (D:15)
  2 wyverns
  A fire dragon skeleton (Crypt:3)
  3 spriggans (D:8)
  22 water elementals
  2 tarantellas (shapeshifter)
  23 yaks
  14 wraiths
  A dire elephant simulacrum (IceCv)
  Eustachio (D:5)
  An ushabti (Crypt:3)
  Grum (D:8)
  A human (shapeshifter) (Depths:4)
  9 basilisks
  A chaos spawn (Orc:2)
  4 fire elementals
  A steam dragon (Lair:4)
  A monstrous demonspawn zombie (Crypt:2)
  A harpy simulacrum (IceCv)
  2 insubstantial wisps (Vaults:1)
  3 acid dragons
  6 wargs
  2 spatial vortices (Vaults:1)
  28 nagas
  3 hydra simulacra (IceCv)
  15 water moccasins
  10 porcupines
  11 ice beasts
  44 orc warriors
  2 black bears
  A hornet zombie (D:14)
  9 sky beasts
  An eye of draining (shapeshifter) (Vaults:4)
  31 ogres
  4 necrophages
  3 phantoms
  A hog zombie (Crypt:1)
  A swamp dragon skeleton (Crypt:1)
  A swamp dragon zombie (Crypt:3)
  13 wolves
  8 boggarts
  A dream sheep skeleton (Crypt:1)
  A snapping turtle skeleton (Crypt:3)
  25 centaurs
  15 crocodiles
  3 big kobolds
  Blork the orc (D:8)
  16 bullfrogs
  A gnoll sergeant (D:8)
  A komodo dragon skeleton (Crypt:2)
  2 earth elementals
  6 small abominations
  A glowing shapeshifter simulacrum (Vaults:1)
  3 scorpions
  2 wyvern skeletons
  A cyclops skeleton (Crypt:1)
  A water moccasin skeleton (D:11)
  28 killer bees
  15 wights
  A warg skeleton (Crypt:1)
  A howler monkey (shapeshifter) (Vaults:2)
  2 howler monkeys
  4 electric eels (D:10)
  2 lava snakes (Vaults:1)
  3 bullfrog zombies
  3 centaur zombies
  A hound (shapeshifter) (Vaults:1)
  28 orc priests
  2 bullfrog skeletons
  A gnoll shaman (D:4)
  Crazy Yiuf (D:2)
  7 hounds
  8 jellies
  Jessica (D:3)
  3 centaur skeletons
  5 iguanas
  11 orc wizards
  Terence (D:3)
  Natasha (thrice) (D:2)
  7 worker ants
  4 lightning spires (Vaults:1)
  2 big kobold zombies (Ossuary)
  8 mummies
  A hound skeleton (D:10)
  2 worker ant zombies
  Robin (D:2)
  8 gnolls
  16 adders
  2 howler monkey skeletons
  A shadow imp (D:6)
  2 white imps
  An ufetubus (D:5)
  5 oozes
  2 adder zombies (Ossuary)
  An adder skeleton (D:8)
  4 dart slugs
  7 leopard geckos
  82 orcs
  5 bats
  4 giant cockroaches
  8 hobgoblins
  5 jackals
  2 ball pythons
  4 frilled lizards
  2 giant cockroach zombies
  2 gnoll zombies (Ossuary)
  5 goblins
  7 hobgoblin zombies (Ossuary)
  A jackal skeleton (D:4)
  A jackal zombie (D:9)
  24 kobolds
  7 kobold zombies (Ossuary)
  7 orc zombies (Ossuary)
  A quokka skeleton (Crypt:2)
  2 quokka zombies
  9 rats
  A rat zombie (Crypt:1)
  3 tentacles (Shoals:1)
2115 creatures vanquished.

Vanquished Creatures (collateral kills)
  Saint Roka (Depths:2)
  A peacekeeper (Vaults:2)
  A servant of whispers (Vaults:2)
  3 black mambas (Snake:3)
  A molten gargoyle (Gauntlet)
  2 saltlings (Vaults:2)
  A basilisk (D:11)
  2 hogs (Snake:3)
  An orc (Depths:2)
13 creatures vanquished.

Vanquished Creatures (others)
  An eldritch tentacle (Vaults:1)
  A yaktaur captain (Depths:3)
  An ogre mage (Depths:3)
  An anaconda (Snake:2)
  A tengu warrior (Depths:1)
  A shadow wraith (Vaults:5)
  2 wizards (Vaults:1)
  2 deep elf magi
  A molten gargoyle (Gauntlet)
  A dream sheep (Shoals:4)
  5 humans (Snake:3)
  2 nagas
  2 orc warriors
  A boggart (Depths:3)
  2 centaurs
  A big kobold (D:9)
  A bullfrog (D:9)
  An orc wizard (D:9)
  An orc (D:9)
  35 fungi
  97 plants
  12 tentacles (Shoals:1)
  69 withered plants
241 creatures vanquished.

Grand Total: 2369 creatures vanquished

Notes
Turn   | Place    | Note
-------+----------+-------------------------------------------
     0 | D:1      | tof the Human Berserker began the quest for the Orb.
     0 | D:1      | Reached XP level 1. HP: 18/18 MP: 1/1
   143 | D:1      | Reached XP level 2. HP: 22/24 MP: 2/2
   636 | D:1      | Reached XP level 3. HP: 29/29 MP: 3/3
  1067 | D:2      | Reached XP level 4. HP: 35/35 MP: 4/4
  1164 | D:2      | Noticed Robin
  1184 | D:2      | Killed Robin
  1209 | D:2      | Reached ** piety under Trog
  1450 | D:2      | Found a runed translucent door.
  1451 | D:2      | Noticed Crazy Yiuf
  1458 | D:2      | Killed Crazy Yiuf
  1458 | D:2      | Reached XP level 5. HP: 29/41 MP: 5/5
  1918 | D:3      | Noticed Natasha
  1930 | D:2      | Killed Natasha
  2074 | D:2      | Noticed Natasha
  2109 | D:2      | Killed Natasha
  2109 | D:2      | Reached XP level 6. HP: 22/48 MP: 6/6
  2185 | D:2      | Noticed Natasha
  2194 | D:2      | Killed Natasha
  2276 | D:3      | Reached skill level 4 in Fighting
  2344 | D:3      | Noticed Terence
  2345 | D:3      | Noticed Jessica
  2457 | D:3      | Killed Terence
  2457 | D:3      | Reached skill level 5 in Maces & Flails
  2624 | D:3      | Killed Jessica
  2796 | D:3      | Reached XP level 7. HP: 54/54 MP: 7/7
  2924 | D:3      | Found a sparkling altar of Nemelex Xobeh.
  3324 | D:3      | Found a shimmering blue altar of Sif Muna.
  3574 | D:4      | Reached skill level 5 in Armour
  3702 | D:4      | Found a glowing silver altar of Zin.
  3813 | D:4      | Found a staircase to the Ecumenical Temple.
  4062 | D:5      | Entered Level 5 of the Dungeon
  4101 | D:5      | Reached *** piety under Trog
  4298 | D:5      | Reached XP level 8. HP: 61/61 MP: 8/8
  4492 | D:5      | Found a white marble altar of Elyvilon.
  4575 | D:5      | Found Qaegiw's Antique Weapon Emporium.
  4580 | D:5      | Bought a sapphire flail for 221 gold pieces
  4580 | D:5      | Identified the +6 flail of Debt {speed, +Rage rPois Str+2
                  | Dex+4} (You bought it in a shop on level 5 of the Dungeon)
  4915 | D:5      | Noticed Eustachio
  4922 | D:5      | Killed Eustachio
  4922 | D:5      | Reached skill level 5 in Fighting
  5215 | D:6      | Found a hide-covered altar of Uskayaw.
  5340 | D:6      | Reached XP level 9. HP: 68/68 MP: 9/9
  5427 | D:6      | You fall into a shaft and drop 3 floors!
  5599 | D:8      | Found a bloodstained altar of Trog.
  5602 | D:8      | Found a blossoming altar of Fedhas.
  5605 | D:8      | Found a broken altar of Ashenzari.
  5685 | D:8      | Reached skill level 6 in Fighting
  5692 | D:8      | Reached **** piety under Trog
  5722 | D:8      | Noticed Grum
  5733 | D:8      | Killed Grum
  5856 | D:8      | Noticed Blork the orc
  5864 | D:8      | Killed Blork the orc
  5891 | D:8      | Found a sand-covered staircase.
  5898 | Ossuary  | Entered an ossuary
  6162 | D:8      | Reached XP level 10. HP: 77/77 MP: 10/10
  6272 | D:8      | Found a sparkling altar of Nemelex Xobeh.
  6417 | D:8      | Found an ornate altar of the Wu Jian Council.
  6447 | D:8      | Found a runed translucent door.
  6448 | D:8      | Noticed Mesmaeker13's ghost (novice DDHu)
  6449 | D:8      | Identified the +7 trident "Ekluad" {chaos, Str+3 SInv}
  7030 | D:9      | Reached skill level 1 in Shields
  7476 | D:9      | Found a shimmering altar of Xom.
  7743 | D:10     | Entered Level 10 of the Dungeon
  7766 | D:10     | Reached skill level 7 in Fighting
  7773 | D:10     | Found a white marble altar of Elyvilon.
  7922 | D:10     | Noticed a freezing wraith
  7939 | D:10     | Killed a freezing wraith
  8109 | D:10     | HP: 3/79 [electric eel/bolt of electricity (3)]
  8635 | D:10     | Killed an unseen horror
  8635 | D:10     | Reached skill level 10 in Maces & Flails
  8708 | D:10     | Reached XP level 11. HP: 84/84 MP: 11/11
  8817 | D:10     | Reached skill level 10 in Armour
  9294 | D:11     | Noticed Erolcha
  9310 | D:11     | Killed Erolcha
  9324 | D:11     | Found a staircase to the Orcish Mines.
  9382 | D:11     | Noticed a brown ugly thing
  9396 | D:11     | Killed a brown ugly thing
  9396 | D:11     | Reached skill level 8 in Fighting
  9421 | D:11     | Noticed a purple ugly thing
  9429 | D:11     | Killed a purple ugly thing
  9878 | D:11     | Found a staircase to the Lair.
 10202 | D:11     | Reached ***** piety under Trog
 10278 | D:11     | Reached XP level 12. HP: 77/94 MP: 12/12
 10749 | Lair:1   | Entered Level 1 of the Lair of Beasts
 10783 | Lair:1   | Reached skill level 5 in Shields
 11134 | D:8      | Killed Mesmaeker13's ghost
 12757 | Lair:2   | Reached skill level 9 in Fighting
 13704 | Lair:3   | Found a gate leading to a gauntlet.
 13708 | Gauntlet | Entered a Gauntlet
 13708 | Gauntlet | Found a transporter.
 13711 | Gauntlet | Found a transporter.
 13713 | Gauntlet | Noticed a catoblepas
 13729 | Gauntlet | Found a transporter.
 13731 | Gauntlet | Found a transporter.
 13741 | Gauntlet | Noticed a wretched star
 13751 | Gauntlet | Found a transporter.
 13761 | Gauntlet | Noticed a wretched star
 13764 | Gauntlet | Found a transporter.
 13773 | Gauntlet | Noticed a death drake
 13775 | Gauntlet | Found the +3 pair of gauntlets of War {Slay+5}
 13777 | Gauntlet | Found a transporter.
 13796 | Gauntlet | Found a transporter.
 13800 | Gauntlet | Found a transporter.
 13808 | Gauntlet | Found a transporter.
 13815 | Gauntlet | Noticed a glowing orange brain
 13815 | Gauntlet | an eye of devastation changed into a glowing orange brain
 13825 | Gauntlet | Noticed a green death
 13833 | Gauntlet | Found a transporter.
 13835 | Gauntlet | Found a transporter.
 13835 | Gauntlet | a glowing orange brain changed into a dream sheep
 13869 | Gauntlet | Found a runed translucent door.
 13997 | Gauntlet | Killed a catoblepas
 14508 | Gauntlet | Killed a wretched star
 14508 | Gauntlet | Reached XP level 13. HP: 42/101 MP: 13/13
 14709 | Gauntlet | Noticed a minotaur
 14723 | Gauntlet | Killed a minotaur
 15072 | Lair:3   | Noticed a five-headed hydra
 15082 | Lair:3   | Killed a five-headed hydra
 15328 | Lair:3   | Found a runed translucent door.
 15329 | Lair:3   | Noticed Siteim's ghost (journeyman MiAK)
 15376 | Lair:3   | Killed Siteim's ghost
 15656 | Lair:3   | Found a staircase to the Snake Pit.
 16117 | Lair:4   | Received a gift from Trog
 16143 | Lair:4   | Noticed Nergalle
 16162 | Lair:4   | Killed Nergalle
 16171 | Lair:4   | Reached skill level 10 in Fighting
 16971 | Lair:4   | Found a staircase to the Shoals.
 17152 | Lair:4   | Reached XP level 14. HP: 83/110 MP: 14/14
 17408 | Lair:4   | Identified 2 scrolls of acquirement
 17410 | Lair:4   | Acquired 617 gold pieces
 17412 | Lair:4   | Acquired 802 gold pieces
 18409 | Lair:5   | Received a gift from Trog
 19110 | Lair:6   | Entered Level 6 of the Lair of Beasts
 19590 | Lair:6   | Found a staircase to the Slime Pits.
 19820 | Lair:6   | Found a radiant altar of Vehumet.
 19871 | Lair:6   | Reached skill level 11 in Fighting
 21033 | Orc:1    | Entered Level 1 of the Orcish Mines
 21116 | Orc:1    | You fall into a shaft and drop 1 floor!
 21116 | Orc:2    | Entered Level 2 of the Orcish Mines
 21231 | Orc:2    | Found a staircase to the Elven Halls.
 21317 | Orc:2    | Received a gift from Trog
 21565 | Orc:2    | Found Rapo's Magic Scroll Shoppe.
 21871 | Orc:1    | Found a roughly hewn altar of Beogh.
 22005 | Orc:1    | Found a transporter.
 22009 | Orc:1    | Found a transporter.
 22010 | Orc:1    | Noticed an orc warlord
 22265 | Orc:2    | Noticed a stone giant
 22296 | Orc:2    | Killed a stone giant
 22457 | Orc:2    | Reached XP level 15. HP: 120/120 MP: 15/15
 22622 | Orc:2    | Found Runnolar's General Store.
 22749 | Orc:2    | Reached skill level 10 in Shields
 23869 | Orc:2    | Reached skill level 12 in Fighting
 24139 | Orc:2    | Gained mutation: You are dopey. (Int -2) [a neqoxec]
 24611 | Orc:2    | Found Latsem's Antique Armour Shop.
 24611 | Orc:2    | Found a one-way gate leading to the halls of Pandemonium.
 24611 | Orc:2    | Found Gejasanaq's Book Boutique.
 24621 | Orc:2    | Reached skill level 15 in Armour
 25291 | D:12     | Got a warped chain mail
 25302 | D:12     | Identified the +2 chain mail "Leeluiwo" {Dex+3} (You found
                  | it on level 12 of the Dungeon)
 25593 | D:12     | Reached ****** piety under Trog
 26256 | D:13     | Received a gift from Trog
 28036 | D:14     | Noticed Agnes
 28054 | D:14     | Killed Agnes
 28054 | D:14     | Reached skill level 13 in Fighting
 28054 | D:14     | Reached XP level 16. HP: 108/130 MP: 16/16
 28501 | D:14     | Found a gate to the Vaults.
 28757 | D:15     | Entered Level 15 of the Dungeon
 28837 | D:15     | Noticed Josephine
 28979 | D:14     | Killed Josephine
 29417 | D:15     | Noticed a sphinx
 30469 | D:14     | Killed a sphinx
 30954 | D:15     | Received a gift from Trog
 31587 | D:15     | Reached skill level 1 in Evocations
 31836 | D:15     | Found a staircase to the Depths.
 31899 | D:15     | Found a portal to a secret trove of treasure.
 31913 | Trove    | Entered a treasure trove
 31916 | Trove    | Found the +7 Kryia's mail coat {PotionHeal*2 rC+}
 31918 | Trove    | Got a pair of faintly humming gloves
 31928 | Trove    | Identified the +1 pair of gloves "Bifo" {rPois Str+6 Dex-3}
                  | (You found it in a treasure trove)
 31948 | Trove    | Got a crude helmet
 31958 | Trove    | Identified the -3 helmet "Aqadilos" {rF+ rCorr SInv} (You
                  | found it in a treasure trove)
 31979 | Trove    | Got a pair of distressingly furry gloves
 31984 | Trove    | Identified the +4 pair of gloves of the Trout {rN+ Int+4}
                  | (You found it in a treasure trove)
 32051 | Trove    | Got a faintly humming ring mail
 32056 | Trove    | Identified the cursed +1 ring mail of Agaz Ike {rC- Regen+
                  | Str+8 Int+4} (You found it in a treasure trove)
 32083 | Trove    | Got an ichor-stained leather armour
 32088 | Trove    | Identified the +2 leather armour "Qyakhaeb" {-Tele MR+++
                  | Str+6} (You found it in a treasure trove)
 32347 | D:15     | Found a runed translucent gate.
 32347 | D:15     | Noticed Onympaiv's ghost (journeyman BaFi)
 32348 | D:15     | Found a runed translucent gate.
 32348 | D:15     | Identified the +5 plate armour of Cloud Cover {-Cast rF+++
                  | rC- Slay+5}
 32350 | D:15     | Identified the amulet "Ceizykh" {Faith rElec rF+ MR+}
 32383 | D:15     | Found a runed translucent gate.
 32445 | D:15     | Found a roughly hewn altar of Beogh.
 32549 | D:15     | Killed Onympaiv's ghost
 32567 | D:15     | HP: 4/132 [orc high priest/divine providence (13)]
 35284 | D:15     | Got a slimy cloak
 35294 | D:15     | Identified the +1 cloak of the Skies Above {+Fly rElec
                  | MR+++ Int-4} (You found it on level 15 of the Dungeon)
 35425 | Elf:1    | Entered Level 1 of the Elven Halls
 36125 | Elf:1    | Found an ancient bone altar of Kikubaaqudgha.
 36201 | Elf:1    | Reached skill level 14 in Fighting
 36545 | Elf:1    | Reached XP level 17. HP: 118/139 MP: 17/17
 36804 | Elf:1    | Noticed a Brimstone Fiend
 36864 | Elf:1    | Noticed an Ice Fiend
 36997 | Elf:1    | Reached * piety under Trog
 37199 | Elf:1    | Reached skill level 5 in Dodging
 37436 | Elf:1    | Acquired 963 gold pieces
 37447 | Elf:1    | Found a runed translucent gate.
 37447 | Elf:1    | Found a runed translucent gate.
 37447 | Elf:1    | Found a runed translucent gate.
 37447 | Elf:1    | Found a runed translucent gate.
 37447 | Elf:1    | Found a runed translucent gate.
 37448 | Elf:1    | Noticed a shadow dragon
 37449 | Elf:1    | Found a runed translucent gate.
 37748 | Elf:2    | Found Efoumer's Magic Scroll Shop.
 38266 | Elf:2    | Reached skill level 5 in Evocations
 38938 | Elf:2    | Found a runed translucent gate.
 38938 | Elf:2    | Found a runed translucent gate.
 38939 | Elf:2    | Found a runed translucent gate.
 40086 | Elf:2    | Noticed a deep elf blademaster
 40182 | Elf:1    | Killed a deep elf blademaster
 40292 | Elf:1    | Reached XP level 18. HP: 125/148 MP: 18/18
 40847 | Elf:3    | Entered Level 3 of the Elven Halls
 41211 | Elf:3    | Found Giabbyse's Distillery.
 41226 | Elf:3    | Bought a potion of haste for 130 gold pieces
 41226 | Elf:3    | Bought a potion of heal wounds for 65 gold pieces
 41226 | Elf:3    | Bought a potion of heal wounds for 65 gold pieces
 41322 | Elf:3    | Reached skill level 15 in Fighting
 43445 | Elf:3    | Identified the +3 great mace of the Genius {freeze, +Fly
                  | rF+++ Int+2 Dex-2}
 43457 | Elf:3    | Identified the +2 robe of Hedonism {Str+5}
 43459 | Elf:3    | Identified the +8 quarterstaff of Disharmony {freeze, rPois
                  | MR+}
 43613 | Elf:3    | Noticed a deep elf blademaster
 43644 | Elf:3    | Killed a deep elf blademaster
 43732 | Elf:3    | Identified the +4 plate armour "Eshrug" {+Blink rElec rCorr
                  | Int-4}
 43732 | Elf:3    | Noticed a deep elf blademaster
 43774 | Elf:3    | Killed a deep elf blademaster
 44416 | Elf:3    | Noticed a Brimstone Fiend
 44420 | Elf:3    | Noticed a Hell Sentinel
 44464 | Elf:3    | Found Ydicaoqo's Armour Emporium.
 44710 | Elf:3    | Noticed an Executioner
 44733 | Elf:3    | Noticed a deep elf master archer
 45111 | Elf:3    | Killed a deep elf master archer
 45843 | Elf:3    | Noticed a Brimstone Fiend
 45952 | Elf:3    | Received a gift from Trog
 46345 | Elf:3    | Reached XP level 19. HP: 154/157 MP: 19/19
 47101 | Elf:3    | Noticed a Tzitzimitl
 47500 | Elf:2    | Noticed a Hell Sentinel
 47842 | Elf:3    | Got a pair of encrusted gloves
 47852 | Elf:3    | Identified the -3 pair of gloves "Jiclynkai" {rC+ Int+5
                  | Dex+5} (You found it on level 3 of the Elven Halls)
 47876 | Elf:3    | Got a fine helmet
 47886 | Elf:3    | Identified the cursed +0 helmet of the Armoured One {rN+}
                  | (You found it on level 3 of the Elven Halls)
 48442 | Shoals:1 | Entered Level 1 of the Shoals
 48783 | Shoals:1 | Found Gel Xeipae's General Store.
 48844 | Shoals:1 | Reached skill level 16 in Fighting
 49298 | Shoals:1 | Found Zoes Jio's Armour Shoppe.
 49416 | Shoals:1 | Reached skill level 10 in Dodging
 50906 | Shoals:2 | Reached skill level 10 in Evocations
 51474 | Shoals:3 | Found a frozen archway.
 51521 | IceCv    | Entered an ice cave
 53731 | Shoals:3 | Found a burning altar of Makhleb.
 53815 | Shoals:3 | Received a gift from Trog
 53975 | Shoals:4 | Entered Level 4 of the Shoals
 54688 | Shoals:4 | Noticed Polyphemus
 55145 | Shoals:4 | Killed Polyphemus
 55254 | Shoals:4 | Reached XP level 20. HP: 166/166 MP: 20/20
 55359 | Shoals:4 | Noticed Aizul
 55667 | Shoals:4 | Noticed Ilsuiw
 55695 | Shoals:4 | Killed Ilsuiw
 56601 | Shoals:4 | Killed Aizul
 56601 | Shoals:4 | Reached skill level 17 in Fighting
 58885 | Shoals:4 | Got a barnacled rune of Zot
 59217 | Vaults:1 | Entered Level 1 of the Vaults
 59779 | Vaults:1 | Received a gift from Trog
 60859 | Vaults:1 | Identified the Collected Works on Air
 61301 | Vaults:1 | Received a gift from Trog
 61796 | Vaults:1 | Reached XP level 21. HP: 176/176 MP: 21/21
 62020 | Vaults:1 | Identified the Disquisition on Flames
 62854 | Vaults:1 | Reached skill level 18 in Fighting
 62860 | Vaults:1 | Received a gift from Trog
 62958 | Vaults:1 | Identified Seroymuc's Incunabulum of the Traveller
 63096 | Vaults:1 | Noticed a bone dragon
 63126 | Vaults:1 | Killed a bone dragon
 63569 | Vaults:1 | Identified the Grimoire of Sinister Rites
 63853 | Vaults:2 | Found Xulipyge's Gadget Boutique.
 63884 | Vaults:2 | Found a ruined gateway.
 63888 | Desolati | Entered the Desolation of Salt
 64857 | Vaults:2 | HP: 1/178 [peacekeeper (14)]
 65608 | Vaults:2 | Received a gift from Trog
 66327 | Vaults:2 | Reached XP level 22. HP: 129/185 MP: 19/22
 67295 | Vaults:2 | Identified the +1 trident of Kaipp {vorpal, rElec rN+ Str+3
                  | Dex+2}
 67308 | Vaults:2 | Received a gift from Trog
 68496 | Vaults:3 | Reached skill level 19 in Fighting
 68603 | Vaults:3 | Received a gift from Trog
 69052 | Vaults:3 | Reached skill level 15 in Dodging
 69436 | Vaults:3 | Reached skill level 15 in Evocations
 71497 | Vaults:3 | Reached XP level 23. HP: 194/194 MP: 23/23
 72380 | Vaults:3 | Found a staircase to the Crypt.
 72467 | Vaults:3 | Lost intelligence.
 72825 | Vaults:3 | Noticed Boris
 72843 | Vaults:3 | Killed Boris
 75143 | Vaults:4 | Found a runed translucent gate.
 75144 | Vaults:4 | Found a runed translucent gate.
 75144 | Vaults:4 | Found a runed translucent gate.
 75146 | Vaults:4 | Noticed Wifidi Vyikh's ghost (veteran GrGl)
 75171 | Vaults:4 | Received a gift from Trog
 76893 | Vaults:3 | Killed Wifidi Vyikh's ghost
 76893 | Vaults:3 | Reached skill level 20 in Fighting
 77283 | Vaults:4 | Got a fine mace {god gift}
 77283 | Vaults:4 | Identified the +4 mace of the Onslaught {flame, *Noise +Inv
                  | rElec Str+2} (Trog gifted it to you on level 4 of the
                  | Vaults)
 78617 | Depths:1 | Entered Level 1 of the Depths
 78863 | Depths:1 | Found a gateway to Hell.
 79311 | Depths:1 | Received a gift from Trog
 79398 | Depths:1 | Reached XP level 24. HP: 204/204 MP: 23/23
 79713 | Depths:1 | Found Ytodygiv's Distillery.
 79718 | Depths:1 | Bought a potion of heal wounds for 60 gold pieces
 79718 | Depths:1 | Bought a potion of haste for 120 gold pieces
 79905 | Depths:1 | Acquired 1114 gold pieces
 80862 | Depths:1 | Found a one-way gate to the infinite horrors of the Abyss.
 80995 | Depths:2 | Found a runed translucent door.
 82040 | Depths:2 | Received a gift from Trog
 82327 | Depths:2 | Got a pitted steel ring
 82535 | Depths:2 | Identified the ring of Tuvul {rPois rC+ MP+9} (You found it
                  | on level 2 of the Depths)
 82965 | Depths:2 | Reached skill level 1 in Throwing
 83044 | Depths:3 | Noticed Mennas
 83074 | Depths:3 | Noticed Nikola
 83130 | Depths:2 | Killed Mennas
 83293 | Depths:2 | Killed Nikola
 84006 | Depths:3 | Noticed Saint Roka
 84064 | Depths:2 | Killed Saint Roka
 85584 | Depths:3 | You are sucked into a shaft and drop 2 floors!
 85584 | Depths:5 | Entered Level 5 of the Depths
 86534 | Elf:1    | Received a gift from Trog
 86889 | Depths:2 | Reached skill level 21 in Fighting
 86889 | Depths:2 | Reached skill level 5 in Throwing
 86902 | Depths:2 | Reached XP level 25. HP: 129/214 MP: 14/23
 87595 | Depths:4 | Reached skill level 15 in Shields
 89113 | Depths:4 | Identified the +6 war axe "Death Rattle" {flame, rPois rF-
                  | Dex+4 SInv}
 89498 | Depths:4 | Received a gift from Trog
 89589 | Depths:4 | Got an iridescent mace {god gift}
 89589 | Depths:4 | Identified the +8 mace of Courage {vorpal, rPois rN+ Str-4}
                  | (Trog gifted it to you on level 4 of the Depths)
 89769 | Depths:4 | Found a gateway to a ziggurat.
 90219 | Crypt:1  | Entered Level 1 of the Crypt
 90250 | Crypt:1  | Noticed Sojobo
 90320 | Crypt:1  | Killed Sojobo
 92230 | Crypt:1  | Noticed a greater mummy
 92263 | Crypt:1  | Killed a greater mummy
 92802 | Crypt:1  | Reached XP level 26. HP: 222/224 MP: 23/23
 93057 | Crypt:1  | Noticed a greater mummy
 93078 | Crypt:1  | Killed a greater mummy
 93078 | Crypt:1  | Received a gift from Trog
 93081 | Crypt:1  | Noticed a greater mummy
 93100 | Crypt:1  | Killed a greater mummy
 93436 | Crypt:1  | Found the +7 sceptre of Torment {pain, torment}
 94987 | Crypt:2  | Reached skill level 22 in Fighting
 95332 | Crypt:2  | Noticed Bai Suzhen
 95363 | Crypt:2  | Killed Bai Suzhen
 95363 | Crypt:2  | Reached skill level 10 in Throwing
 95691 | Crypt:3  | Entered Level 3 of the Crypt
 95841 | Crypt:3  | Received a gift from Trog
 96257 | Crypt:3  | Noticed Xtahua
 96299 | Crypt:3  | Killed Xtahua
 96911 | Crypt:3  | Noticed Jory
 96962 | Crypt:3  | Killed Jory
 97204 | Crypt:3  | Noticed an ancient lich
 97243 | Crypt:3  | Killed an ancient lich
 98740 | Crypt:3  | Received a gift from Trog
 99034 | Crypt:3  | Noticed an ancient lich
 99516 | Crypt:3  | Killed an ancient lich
 99761 | Crypt:3  | Noticed an ancient lich
 99783 | Crypt:3  | Killed an ancient lich
 99783 | Crypt:3  | Reached XP level 27. HP: 211/233 MP: 23/23
 99829 | Crypt:3  | Found a staircase to the Tomb.
100534 | Snake:1  | Entered Level 1 of the Snake Pit
102024 | Snake:2  | Noticed Jorgrun
102068 | Snake:2  | Killed Jorgrun
102083 | Snake:2  | Received a gift from Trog
103562 | Snake:3  | Noticed Kirke
103583 | Snake:3  | Killed Kirke
103633 | Snake:3  | Noticed Louise
103656 | Snake:3  | Killed Louise
104340 | Snake:3  | Found the +8 demon blade "Leech" {vamp, *Rage +Rage rN+}
104673 | Snake:4  | Entered Level 4 of the Snake Pit
104797 | Snake:3  | Received a gift from Trog
105925 | Snake:4  | Reached skill level 23 in Fighting
106130 | Snake:4  | Received a gift from Trog
106844 | Snake:4  | Got a serpentine rune of Zot
107243 | Slime:1  | Entered Level 1 of the Pits of Slime
107733 | Vaults:5 | Entered Level 5 of the Vaults
107733 | Vaults:5 | Noticed an ancient lich
108268 | Vaults:4 | Received a gift from Trog
108984 | Vaults:5 | Noticed an ancient lich
109013 | Vaults:5 | Killed from afar by a titan

Illustrated notes

Levels and vault maps discovered:
D:1:      lightli_arrival_lavapool, layout_loops_cross,
          hangedman_abyss_or_decor_stabs, kennysheep_crisscross
D:2:      layout_basic, uniq_robin, uniq_crazy_yiuf_cottage
D:3:      minmay_chambers_of_threes, layout_basic, led_sif_pool,
          nemelex_altar_shiori, uniq_jessica, uniq_terence, uniq_natasha
D:4:      layout_loops_ring, kennysheep_mini, minmay_temple_entry_ruins
D:5:      layout_gridville, nicolae_overflow_crystal_walls, serial_shops, shop,
          minmay_fractal_squares_gapless_5, uniq_eustachio
D:6:      layout_cave_pools, lemuel_round_altar, gammafunk_ghost_nasty_kobolds,
          serial_park_tiny_1, kennysheep_generic_room_10
D:8:      layout_basic, kennysheep_mini_moat, grunt_temple_overflow_diamond,
          lemuel_crystal_altar, ebering_ghost_funeral_grove,
          chequers_ossuary_entry_cave, sword_in_stone, uniq_grum
D:9:      layout_irregular_city, xom_confusion_cloud
D:10:     layout_grid_maze, chequers_big_river, elyvilon_altar_4
D:11:     layout_gridville, minmay_lair_entry_grove, orc_0_dummy,
          minmay_misc_feat_doors, fungi_pond_lemuel, hangedman_fish_farm,
          uniq_erolcha
D:12:     layout_rooms, grunt_ministairs_3
D:13:     layout_basic
D:14:     layout_big_octagon, david_vaults_5, minmay_misc_feat_enclosed,
          uniq_agnes
D:15:     grunt_enter_depths_hoard, layout_cave_pools,
          biasface_ghost_orc_armoury, nicolae_trove_entry_columns, minmay_bent,
          uniq_josephine
Lair:1:   layout_cave_pods, chequers_serial_rivers_large_a
Lair:2:   layout_cave_pods, serial_bayou_shore_a, infiniplex_staircase_pool_2
Lair:3:   layout_small_grid, minmay_snake_entry_spellcaster,
          ebering_ghost_inner_flame, gauntlet_entry_generic
Lair:4:   layout_gridlike, elwin_shoals_entry_stream, uniq_nergalle
Lair:5:   layout_loops_ring, special_room [special_room_bee],
          minmay_lair_oklob_chamber, lemuel_fruit_tree
Lair:6:   grunt_lair_end_beastmaster, layout_cave_pods,
          nicolae_slime_entry_slimehenge, basic_altar, minmay_hedge_maze
Shoals:1: layout_shoals, serial_shops, nicolae_shop_crystal, shop_fountains
Shoals:2: layout_shoals, nicolae_shoals_flooded_hall
Shoals:3: layout_shoals, portal_ice_cave_entry_pillars_1, lemuel_oklob_altar
Shoals:4: shoals_end_hangedman, layout_shoals, shoals_ilsuiw_ice,
          uniq_polyphemus, uniq_aizul
Snake:1:  layout_grid_maze
Snake:2:  layout_honeycomb, hangedman_venom_bottle, uniq_jorgrun
Snake:3:  layout_onion, uniq_kirke, uniq_louise
Snake:4:  snake_pit, layout_misc_corridors, grunt_megastairs_3
Slime:1:  layout_caves, nicolae_slime_phagocytosis
Orc:1:    gammafunk_beogh_shrine, layout_caves
Orc:2:    pf_orc_diabolical, layout_diamond_mine, rock_pile
Elf:1:    layout_geoelf_grid, basic_altar, orc_legates
Elf:2:    layout_geoelf_diagonals, serial_shops, shop
Elf:3:    elf_hall, layout_onion_city, serial_shops, shop, shop, serial_sigils,
          serial_sigils_hangedman_snap, serial_sigils_hangedman_writhe,
          serial_sigils_hangedman_snap, serial_sigils_hangedman_quiver,
          serial_sigils_hangedman_shear, drop_trap
Vaults:1: vaults_standard_mumra_x, vaults_room_large_hall,
          ontoclasm_vaults_bender, grunt_vaults_focal, ontoclasm_vaults_chip,
          v_misc_12, nicolae_vaults_specimen_jars,
          vaults_room_grunt_arrival_ludios, nicolae_vaults_three_branches,
          v_pattern_1, nicolae_vaults_little_ls, grunt_vaults_hallway_short,
          vaults_room_stairs_pillars, layout_vaults_omnicross,
          serial_hangedman_research, hangedman_research_thanatology,
          hangedman_research_quantum, hangedman_research_electronics,
          hangedman_research_pyrotechnics
Vaults:2: hangedman_vaults_capsules, nicolae_vaults_diagonal_hallway_6,
          vaults_room_semicircle, vaults_dpeg_encased_lava, grunt_vaults_swirl,
          v_misc_8, v_rooms_2, vaults_dpeg_cross,
          nicolae_vaults_little_squares_4, vaults_mumra_minichess_inversion,
          grunt_vaults_hallway_short, v_alt_pattern_2, v_misc_14,
          vaults_room_guarded_vault, layout_vaults_omnibox,
          portal_desolation_entry_salt, serial_shops, shop
Vaults:3: nicolae_vaults_statue_guard, minmay_crypt_entry_simple_statues,
          nicolae_vaults_yaktaur_gun_rack, hangedman_vaults_slither,
          nicolae_vaults_stairing_the_circle, v_rooms_5, ontoclasm_vaults_pinch,
          grunt_vaults_funnel, nicolae_vaults_gold_heap,
          layout_vaults_chaotic_city, uniq_boris
Vaults:4: gammafunk_vaults_ghost_tricky_traps, ontoclasm_vaults_idyll,
          dpeg_vaults_monster_row, ontoclasm_vaults_idyll,
          nicolae_vaults_little_squares_1, nicolae_vaults_mini_display_case,
          ontoclasm_vaults_ring_large, dpeg_vaults_waves, vaults_room_fours,
          vaults_room_door_ring, nicolae_vaults_alarming, layout_vaults_omnigrid
Vaults:5: serial_shops
Crypt:1:  minmay_guarded_unrand_sceptre_of_torment, layout_regular_city,
          uniq_sojobo
Crypt:2:  layout_rooms, st_small_mortuary, uniq_bai_suzhen
Crypt:3:  quadcrypt_mu, uniq_xtahua, uniq_jory
Depths:1: layout_gridlike, grunt_metal_band, abyss_entry, serial_shops,
          kennysheep_little_box, dk_noncrumbling_2,
          hangedman_abyss_or_decor_stagger, st_stairs_10,
          hangedman_decor_growths, kb_rosetta
Depths:2: kennysheep_ambush_hall, layout_cave_pools, pan_entry, hell_entry,
          kennysheep_treasure_room
Depths:3: minmay_the_grid_four_pointed_star
          [minmay_the_grid_triangle_9x9_odd_lines,
          minmay_the_grid_triangle_9x9_swiss_cheese,
          minmay_the_grid_triangle_9x9_thin_v,
          minmay_the_grid_triangle_9x9_windchime,
          minmay_the_grid_prize_diamond_cup], layout_cave_pools, hell_entry,
          serial_bayou_pond_e, pan_entry, hangedman_decor_riveting,
          minmay_misc_feat_iff, kennysheep_cross_room, lemuel_flame_loot_1,
          uniq_saint_roka, uniq_nikola, uniq_mennas
Depths:4: minmay_complete_graph, layout_cave_pools, enter_ziggurat_a,
          nicolae_abyss_entry_one_way_or_another, grunt_decor_clamped,
          pf_hell_entry_tar_river
Depths:5: grunt_bruiser_brothers, layout_gridlike, hangedman_decor_peaks_small,
          hell_entry, serial_bayou_shore_b

Skill      XL: |  1  2  3  4  5  6  7  8  9 10 11 12 13 14 15 16 17 18 19 20 21 22 23 24 25 26 27 |
---------------+----------------------------------------------------------------------------------+-----
Armour         | 3 4 5 6 8 9 11 12 13 14 15 16 | 16.0
Maces & Flails | 4 5 6 7 8 10 11 12 13 14 | 14.0
Fighting       | 4 5 6 7 8 9 10 11 13 14 15 16 17 18 19 20 21 22 23 | 23.5
Shields        | 3 4 6 7 9 11 12 13 14 16 17 18 | 18.8
Evocations     | 3 6 8 11 12 14 15 16 17 | 17.1
Dodging        | 4 7 9 11 12 14 15 16 17 | 17.2
Throwing       | 5 9 11 13 | 13.9

Action                   |  1- 3 |  4- 6 |  7- 9 | 10-12 | 13-15 | 16-18 | 19-21 | 22-24 | 25-27 || total
-------------------------+-------+-------+-------+-------+-------+-------+-------+-------+-------++-------
Melee: Mace              |   112 |   187 |   169 |       |       |       |       |       |  1939 ||  2407
       Unarmed           |       |    30 |       |       |       |       |       |       |       ||    30
       Flail             |       |       |   167 |   660 |  1614 |  1662 |  2969 |  2786 |  1786 || 11644
Throw: Dart              |       |       |       |       |    14 |   118 |    42 |    52 |    94 ||   320
Invok: Berserk           |       |       |     1 |     2 |     5 |     2 |     4 |     2 |     3 ||    19
       Trog's Hand       |       |       |       |     4 |     5 |       |     6 |     2 |     6 ||    23
       Brothers in Arms  |       |       |       |     2 |       |       |     3 |     1 |     1 ||     7
 Abil: Stop Flying       |       |       |       |       |       |       |     2 |       |       ||     2
       Evoke Flight      |       |       |       |       |       |       |     2 |       |       ||     2
Evoke: Wand              |       |       |       |       |       |       |       |     1 |       ||     1
  Use: Scroll            |       |       |    11 |     4 |    24 |     5 |    14 |     8 |    12 ||    78
       Potion            |       |       |       |     3 |     1 |     1 |     9 |       |     8 ||    22
 Stab: Invisible         |       |     1 |       |       |       |       |       |       |       ||     1
       Petrified         |       |       |       |       |       |       |     2 |       |       ||     2
       Petrifying        |       |       |       |       |       |       |     1 |       |       ||     1
       Distracted        |       |       |       |       |       |       |     3 |       |     1 ||     4
Armor: Plate armour      |    11 |       |       |       |       |       |       |       |       ||    11
       Animal skin       |     2 |       |       |       |       |       |       |       |       ||     2
       Crystal plate arm |    96 |   207 |   261 |   451 |   648 |   331 |  1084 |   706 |  1242 ||  5026
       Skin              |       |     6 |       |       |       |       |       |       |       ||     6
       Chain mail        |       |       |       |       |    77 |   156 |       |       |       ||   233
       Leather armour    |       |       |       |       |       |     7 |       |       |       ||     7
Dodge: Dodged            |    19 |   105 |    72 |    84 |   260 |   378 |  1006 |   889 |  1269 ||  4082
Block: Kite shield       |       |       |       |   358 |  1064 |   990 |  2011 |  1820 |  3237 ||  9480

Table legend: (Time is in decaauts)
 A = Elapsed time spent in this place.
 B = Non-inter-level travel time spent in this place.
 C = Inter-level travel time spent in this place.
 D = Time resting spent in this place.
 E = Time spent auto-exploring this place.
 F = Levels seen in this place.
 G = Mean time per level.
                   A        B        C        D        E       F      G
               +--------+--------+--------+--------+--------+-----+--------+
         Total | 103271 |  98082 |   5189 |  47775 |  26143 |  52 | 1986.0 |
       Dungeon |  21961 |  19984 |   1977 |   8110 |   8014 |  14 | 1568.6 |
          Lair |   9010 |   8105 |    905 |   2448 |   4324 |   6 | 1501.7 |
        Shoals |   8654 |   8496 |    158 |   4077 |   2464 |   4 | 2163.5 |
     Snake Pit |   6096 |   5876 |    220 |   2242 |   2354 |   4 | 1524.0 |
    Slime Pits |    106 |    100 |      6 |     68 |      0 |   1 |  106.0 |
  Orcish Mines |   4669 |   4435 |    234 |   2326 |   1114 |   2 | 2334.5 |
   Elven Halls |  11709 |  11500 |    209 |   6477 |   1599 |   3 | 3903.0 |
        Vaults |  18161 |  17301 |    860 |   9600 |   2389 |   5 | 3632.2 |
         Crypt |   9216 |   8960 |    256 |   4904 |   1683 |   3 | 3072.0 |
        Depths |  10128 |   9766 |    362 |   5408 |   1986 |   5 | 2025.6 |
         Trove |    249 |    249 |      0 |      0 |      0 |   1 |  249.0 |
       Ossuary |    237 |    237 |      0 |     99 |     13 |   1 |  237.0 |
      Ice Cave |   1037 |   1037 |      0 |    672 |      0 |   1 | 1037.0 |
    Desolation |    860 |    860 |      0 |    615 |      0 |   1 |  860.0 |
      Gauntlet |   1171 |   1171 |      0 |    723 |    202 |   1 | 1171.0 |
               +--------+--------+--------+--------+--------+-----+--------+

Top non-repeatable levels by time:
Vaults:3: 5570 daAuts
   Elf:2: 5339 daAuts
    D:14: 4473 daAuts
   Elf:3: 4267 daAuts
Vaults:1: 4199 daAuts
Vaults:4: 4096 daAuts
Shoals:4: 4096 daAuts
 Crypt:3: 3886 daAuts
Vaults:2: 3691 daAuts
 Crypt:1: 3559 daAuts
    D:15: 3434 daAuts
   Orc:2: 3217 daAuts
Depths:2: 3071 daAuts
Depths:3: 2614 daAuts
Depths:1: 2512 daAuts
